 Dungeon Crawl Stone Soup version 0.30-a0-937-ga0a21ad780 (webtiles) character file.

Game seed: 1580423205118293368

78010 cforsyth the Warrior (level 15, -29/176 HPs)
             Began as an Ogre Ice Elementalist on Mar 24, 2023.
             Was a High Priest of Vehumet.
             Annihilated by a rockslime (37 damage)
             ... on level 5 of the Lair of Beasts on Mar 25, 2023.
             The game lasted 02:12:15 (40706 turns).

cforsyth the Warrior (Ogre Ice Elementalist)       Turns: 40706, Time: 02:12:15

Health: -29/176    AC: 14    Str: 21    XL:     15   Next: 58%
Magic:  22/33      EV: 10    Int: 28    God:    Vehumet [*****.]
Gold:   1458       SH:  0    Dex:  9    Spells: 9/42 levels left

rFire   + . .      SeeInvis +    W - +6 long sword of Destruction {heavy, +Blink Str+5 SInv}
rCold   + + .      Faith    .    (no shield)
rNeg    . . .      Spirit   .    l - +0 ice dragon scales
rPois   .          Reflect  .    I - +2 hat of Otefiuz {rF++}
rElec   .          Rampage  .    S - +1 cloak {Stlth+}
rCorr   .                        (gloves unavailable)
Will    +....                    (boots unavailable)
Stlth   +                        (no amulet)
HPRegen 0.49/turn                J - +6 ring of intelligence
MPRegen 0.23/turn                Q - ring of the Dull God {Wiz +Blink}

@: no status effects
A: large, unfitting armour, tough skin 1
a: Renounce Religion, Evoke Blink


You were on level 5 of the Lair of Beasts.
You worshipped Vehumet.
Vehumet was extremely pleased with you.
You visited 4 branches of the dungeon, and saw 22 of its levels.
You also visited: Ossuary and Ice Cave.

You collected 2018 gold pieces.
You spent 560 gold pieces at shops.

Inventory:

Hand Weapons
 E - a +2 demon whip of freezing
 W - the +6 long sword of Destruction (weapon) {heavy, +Blink Str+5 SInv}
   (You found it on level 4 of the Lair of Beasts)

   Str:       It affects your strength (+5).
   SInv:      It lets you see invisible.
   +Blink:    It lets you blink.
Armour
 a - a +1 robe
 k - a +1 hat
 l - +0 ice dragon scales (worn)
 p - a +1 tower shield of reflection
 H - an orb of energy
 I - the +2 hat of Otefiuz (worn) {rF++}
   (You acquired it on level 13 of the Dungeon)

   rF:        It greatly protects you from fire.
 K - the +3 hat of Pondering {ponderous, Will+ MP+10 Int+5}
   (You took it off Gastronok on level 1 of the Lair of Beasts)

   Int:       It affects your intelligence (+5).
   MP:        It affects your magic capacity (+10).
   Will:      It increases your willpower.
 L - +0 steam dragon scales
 S - a +1 cloak of stealth (worn)
 T - a +0 troll leather armour
Jewellery
 c - a ring of fire
 j - a +4 ring of protection
 u - a +4 ring of protection
 x - an amulet of guardian spirit
 B - a ring of positive energy
 C - a ring of positive energy
 J - a +6 ring of intelligence (left hand)
 P - a ring of protection from fire
 Q - the ring of the Dull God (right hand) {Wiz +Blink}
   (You found it on level 12 of the Dungeon)

   [ring of wizardry]

   It improves your spell success rate.
   +Blink:    It lets you blink.
 X - the ring "Wideolup" {rCorr Slay+4}
   (You took it off a necromancer in an ice cave)

   [ring of slaying]

   Slay:      It affects your accuracy & damage with ranged weapons and melee
   (+4).
   rCorr:     It protects you from acid and corrosion.
 Y - a ring of ice
Wands
 f - a wand of roots (4)
 h - a wand of polymorph (3)
 o - a wand of charming (23)
 v - a wand of mindburst (11)
 w - a wand of light (5)
 N - a wand of flame (11)
Scrolls
 i - a scroll of poison
 s - 5 scrolls of magic mapping
 t - 5 scrolls of fog
 y - 4 scrolls of silence
 z - 4 scrolls of immolation
 D - 3 scrolls of vulnerability
 F - 4 scrolls of enchant armour
 R - 2 scrolls of enchant weapon {unknown}
 Z - a scroll of amnesia {unknown}
Potions
 b - 3 potions of magic
 d - 4 potions of brilliance
 e - 2 potions of cancellation
 g - 19 potions of curing
 m - 4 potions of mutation
 n - 4 potions of invisibility
 q - a potion of resistance
 r - 2 potions of attraction
 A - 3 potions of flight
 G - 2 potions of lignification
 M - a potion of ambrosia
 U - a potion of might


   Skills:
 - Level 17.9 Fighting
 - Level 13.1 Dodging
 - Level 1.4 Stealth
 + Level 14.1 Spellcasting
 - Level 5.0 Summonings
 - Level 11.5 Ice Magic
 + Level 5.4 Air Magic


You had 9 spell levels left.
You knew the following spells:

 Your Spells              Type           Power      Damage    Failure   Level
a - Freeze                Ice            100%       1d10      1%          1
b - Frozen Ramparts       Ice            100%       1d16      1%          3
c - Ozocubu's Armour      Ice            71%        N/A       1%          3
d - Summon Guardian Gole  Hex/Summ       33%        N/A       4%          3
e - Summon Ice Beast      Ice/Summ       60%        N/A       1%          4
f - Freezing Cloud        Conj/Ice/Air   25%        6-21      3%          5
g - Metabolic Englaciati  Hex/Ice        25%        N/A       11%         5
h - Airstrike             Air            25%        2d(4-20)  1%          4
i - Plasma Beam           Fire/Air       17%        2x1d32    10%         5

Your spell library contained the following spells:

 Spells                   Type           Power      Damage    Failure   Level
 Iskenderun's Battlesphe  Conj           19%        2d7       26%         5
 Summon Small Mammal      Summ           100%       N/A       1%          1
 Ensorcelled Hibernation  Hex/Ice        100%       N/A       1%          2
 Poisonous Vapours        Pois/Air       70%        N/A       1%          2
 Static Discharge         Conj/Air       70%        2-5/arc   1%          2
 Call Canine Familiar     Summ           47%        N/A       1%          3
 Mephitic Cloud           Conj/Pois/Air  29%        N/A       1%          3
 Swiftness                Air            50%        N/A       1%          3
 Cigotuvi's Dreadful Rot  Necr/Pois/Air  58%        N/A       2%          2
 Apportation              Tloc           38%        N/A       4%          1
 Necrotise                Necr           76%        1d7       4%          1
 Sting                    Tmut/Pois      76%        1d6       4%          1
 Vhi's Electric Charge    Tloc/Air       70%        N/A       4%          3
 Lesser Beckoning         Tloc           38%        N/A       6%          2
 Passwall                 Tmut/Erth      15%        N/A       6%          2
 Arcjolt                  Conj/Air       17%        1d27      10%         5
 Gell's Gravitas          Tloc           19%        N/A       12%         3
 Portal Projectile        Hex/Tloc       38%        N/A       12%         3
 Spider Form              Tmut/Pois      19%        N/A       12%         3
 Teleport Other           Tloc           19%        N/A       12%         3
 Animate Armour           Summ/Erth      66%        N/A       14%         4
 Anguish                  Hex/Necr       9%         N/A       34%         4
 Animate Dead             Necr           19%        N/A       34%         4
 Leda's Liquefaction      Hex/Erth       9%         N/A       34%         4
 Petrify                  Tmut/Erth      19%        N/A       34%         4
 Alistair's Intoxication  Tmut/Pois      12%        N/A       69%         5
 Blade Hands              Tmut           9%         N/A       69%         5
 Borgnjor's Vile Clutch   Necr/Erth      9%         N/A       69%         5
 Iron Shot                Conj/Erth      9%         9d3       75%         6
 Death Channel            Necr           9%         N/A       99%         6
 Polar Vortex             Ice            35%        N/A       99%         9


Dungeon Overview and Level Annotations

Branches:
Dungeon (14/15)            Temple (1/1) D:6            Lair (5/5) D:9
  Swamp (0/4) Lair:3       Spider (0/4) Lair:2        Slime (0/5) Lair:5
    Orc (2/2) D:10            Elf (0/3) Orc:2        Vaults (0/5) D:13
Ossuary (visited)           IceCv (visited)

Altars:
Ashenzari
Cheibriados
Dithmenos
Elyvilon
Fedhas
Gozag
Hepliaklqana
Kikubaaqudgha
Makhleb
Nemelex Xobeh
Okawaru
Qazlal
Ru
Sif Muna
Trog
Uskayaw
Vehumet
Wu Jian
Xom
Yredelemnul
Zin
The Shining One
Jiyva

Shops:
D:3 *   D:9 :   D:10 =   Orc:1 =   Orc:2 [*(:

Portals:
Abyss: D:4

Annotations:
D:4 2 transporters, DeathPants's ghost, amateur VSDe
D:6 1 runed translucent door, Crazy Yiuf
D:7 1 runed translucent door, Akorn's ghost, novice TrEE
D:9 3 runed translucent doors, Dittersdorf's ghost, journeyman GrFi
D:11 1 runed translucent door
D:14 Louise
Lair:2 2 transporters, mandoloar's ghost, journeyman DgCj


Innate Abilities, Weirdness & Mutations

You are too large for most types of armour.
You have tough skin. (AC +1)


Message History

There is a stone staircase leading up here.
There is a stone staircase leading down here.
You climb downwards.
There is a stone staircase leading up here.
There is a stone staircase leading down here.
You climb downwards.
The rockslime hits you!!
You stumble backwards!
The rockslime hits you!!
You stumble backwards!
Casting: Summon Guardian Golem (mildly dangerous; 4% risk of failure)
Confirm with . or Enter, or press ? or * to list all spells.
Casting: Plasma Beam (dangerous; 10% risk of failure)
Press: ? - help, Dir - look around, f - activate The bolt of lightning hits the rockslime.
The rockslime resists.
The rockslime is lightly wounded.
The fiery plasma hits the rockslime.
The rockslime resists.
The rockslime is lightly wounded.
You hear a howl!
You hear a loud, deep croak!
You hear a howl!
The rockslime hits you!!
You stumble backwards!
The rockslime attacks as you move away! The rockslime hits you!!
The rockslime hits you but does no damage.
Casting: Plasma Beam (dangerous; 10% risk of failure)
Confirm with . or Enter, or press ? or * to list all spells.
A guardian golem appears, shielding your allies.
The rockslime hits you!!
You stumble backwards!
Casting: Summon Guardian Golem (mildly dangerous; 4% risk of failure)
Confirm with . or Enter, or press ? or * to list all spells.
A chill wind blows around you. The rockslime hits you!
* * * LOW HITPOINT WARNING * * *
You stumble backwards!
Unknown command.
Unknown command.
Unknown command.
Unknown command.
Okay, then.
Unknown command.
The rockslime hits you!!!
* * * LOW HITPOINT WARNING * * *
You stumble backwards!
The rockslime hits you!!!
You die...

.............####.....####.......
..............##..#°...# #....G..
...............###.....###....#..
...(..(..###....###.....#G...##..
.........# #.<...##....#9#...##..
...P.....#.##......#...###.####..
...........##.....#....###.# #..
(..........##..........##.### ##J
...........##.9Y@#.#...###.P###..
...........###.J.##....##.....#..
...........###....#....###.......
...........#.....#.....##.J..##..
....#..P.#####...##......#....#..
...####..##.#...####....#....##..
...###....##....#####..###...####
....#.#..#..[....#.#...##.#...#..
.......................###....#..


You could see a rockslime (ally target), a friendly guardian golem (summoned)
and a friendly ice beast (summoned, sheltered).

Vanquished Creatures
  3 hydras
  3 catoblepae
  2 centaur warriors
  4 orc high priests (Orc:2)
  A skyshark (Lair:5)
  Nergalle (Lair:3)
  A necromancer (IceCv)
  4 orc sorcerers
  2 orc knights (Orc:2)
  A deep elf pyromancer (D:13)
  4 oklob plants (Lair:5)
  An ugly thing (D:13)
  6 elephants
  3 black mambas
  A gargoyle (D:13)
  2 kobold demonologists (D:13)
  An unseen horror (D:7)
  4 rime drakes
  2 ice statues
  A nameless horror (D:6)
  3 cane toads
  3 freezing wraiths (IceCv)
  3 komodo dragons
  2 anaconda simulacra (IceCv)
  3 ice devils (IceCv)
  A troll (Orc:1)
  A polar bear (Lair:2)
  3 meliai (D:13)
  Prince Ribbit (D:7)
  A hornet (Lair:3)
  16 blink frogs
  A blink frog (shapeshifter) (D:13)
  Sigmund (D:4)
  9 slime creatures
  2 jumping spiders (Lair:2)
  A dire elephant simulacrum (IceCv)
  5 wyverns
  14 yaks
  A redback (Lair:2)
  2 death yak simulacra (IceCv)
  2 steam dragons
  3 basilisks
  An acid dragon (D:12)
  3 harpy simulacra (IceCv)
  A warg (Orc:1)
  3 water moccasins
  17 orc warriors
  5 ogres
  3 wolves
  A centaur (D:10)
  3 kobold brigands
  4 bullfrogs
  A gnoll sergeant (D:9)
  2 cane toad simulacra (IceCv)
  A scorpion (D:5)
  3 elephant simulacra (IceCv)
  19 killer bees
  5 howler monkeys
  16 orc priests
  14 jellies
  A hound (D:5)
  2 gnoll boudas
  A human skeleton (D:5)
  An iguana (D:4)
  A sleepcap (D:4)
  20 orc wizards
  A polar bear simulacrum (IceCv)
  A troll simulacrum (IceCv)
  3 wolf simulacra (IceCv)
  2 mummies (Ossuary)
  11 gnolls
  6 adders
  2 white imps
  An ufetubus (D:4)
  2 worms
  2 dart slugs
  50 orcs
  2 endoplasms
  A giant cockroach (D:2)
  8 goblins
  15 hobgoblins
  2 jackals (D:3)
  4 quokkas
  3 ball pythons (D:4)
  4 bats
  A frilled lizard (D:2)
  A gnoll zombie (Ossuary)
  A jackal zombie (Ossuary)
  22 kobolds
  A rat (D:1)
399 creatures vanquished.

Vanquished Creatures (collateral kills)
  An acid blob (Lair:5)
  Gastronok (Lair:1)
  3 hydras
  A catoblepas (Lair:2)
  A death yak (Lair:5)
  An orc knight (Orc:2)
  3 elephants
  A black mamba (Lair:5)
  A torpor snail (Lair:4)
  5 cane toads
  2 komodo dragons
  2 nameless horrors
  9 blink frogs
  A vampire (D:10)
  A dire elephant simulacrum (IceCv)
  A spriggan (shapeshifter) (D:12)
  14 yaks
  A human (D:13)
  A redback (Lair:2)
  Menkaure (D:6)
  A warg (Orc:1)
  8 water moccasins
  2 orc warriors
  A sky beast (D:6)
  2 black bears
  An ogre (Orc:1)
  2 wolves (Lair:5)
  A phantom (D:7)
  2 elf zombies
  3 bullfrogs
  A scorpion (D:7)
  A two-headed ogre simulacrum (IceCv)
  4 killer bees
  3 human zombies
  A jelly (D:6)
  3 orc priests
  3 orc wizards
  2 human skeletons (D:5)
  2 hound zombies (Ossuary)
  2 mummies (Ossuary)
  3 gnolls
  An adder (D:6)
  3 white imps
  An ufetubus (IceCv)
  A worm (D:8)
  8 orcs
  A gnoll zombie (Ossuary)
  A goblin zombie (Ossuary)
  2 jackal zombies (Ossuary)
  A kobold zombie (Ossuary)
  An orc zombie (Ossuary)
119 creatures vanquished.

Vanquished Creatures (others)
  An orc warlord (Orc:2)
  4 vault guards (D:13)
  2 two-headed ogres (D:12)
  2 boulder beetles
  An orc sorcerer (Orc:2)
  An orc knight (Orc:1)
  A cyclops (D:11)
  2 ugly things
  4 manticores
  A black mamba (Lair:1)
  3 elephants (Lair:1)
  Joseph (Lair:1)
  2 cane toads
  A rime drake (Lair:5)
  5 komodo dragons
  A freezing wraith (IceCv)
  10 ice devils
  A troll (D:12)
  4 blink frogs
  25 yaks
  Grum (Lair:1)
  A vampire (D:11)
  2 wraiths
  A dire elephant simulacrum (IceCv)
  7 humans (D:13)
  A wyvern (D:9)
  A water moccasin (Lair:4)
  8 orc warriors
  2 wolves (Lair:1)
  A kobold brigand (D:8)
  A two-headed ogre simulacrum (IceCv)
  5 cane toad simulacra (IceCv)
  2 killer bees
  2 orc priests
  4 orc wizards
  3 polar bear simulacra (IceCv)
  A wolf simulacrum (IceCv)
  5 orcs
  3 bushes
  41 fungi
  75 plants
239 creatures vanquished.

Grand Total: 757 creatures vanquished

Notes
Turn   | Place    | Note
-------+----------+-------------------------------------------
     0 | D:1      | cforsyth the Ogre Ice Elementalist began the quest for the
                  | Orb.
     0 | D:1      | Reached XP level 1. HP: 16/16 MP: 3/3
   437 | D:1      | Reached XP level 2. HP: 19/24 MP: 2/5
   503 | D:1      | Found a faded altar of an unknown god.
   504 | D:1      | Noticed an eye of devastation
   507 | D:1      | Noticed a shining eye
   507 | D:1      | Noticed a shining eye
   507 | D:1      | Noticed a shining eye
  1136 | D:1      | Got the Folio of Dimensional Rime
  1851 | D:2      | Reached XP level 3. HP: 16/31 MP: 1/7
  1855 | D:2      | Learned a level 3 spell: Frozen Ramparts
  1859 | D:2      | Learned a level 3 spell: Ozocubu's Armour
  2990 | D:3      | Found an ornate altar of the Wu Jian Council.
  3211 | D:3      | Found Gieducer's Assorted Antiques.
  3217 | D:3      | Bought a scroll labelled FYDDIS SALY for 24 gold pieces
  3217 | D:3      | Bought a cyan potion for 21 gold pieces
  3217 | D:3      | Bought a cyan potion for 21 gold pieces
  3424 | D:3      | Reached XP level 4. HP: 36/39 MP: 4/9
  3993 | D:4      | Noticed Sigmund
  4227 | D:4      | Found a transporter.
  4236 | D:4      | Found a transporter.
  4250 | D:4      | Noticed a small abomination
  4483 | D:4      | Reached XP level 5. HP: 45/45 MP: 7/11
  4663 | D:4      | Killed Sigmund
  4664 | D:4      | Reached skill level 5 in Spellcasting
  4664 | D:4      | Reached skill level 5 in Ice Magic
  4664 | D:4      | Reached XP level 6. HP: 19/53 MP: 2/14
  4998 | D:4      | Noticed a small abomination
  5001 | D:4      | Noticed a small abomination
  5213 | D:4      | Reached XP level 7. HP: 36/59 MP: 4/16
  5618 | D:4      | Noticed DeathPants's ghost (amateur VSDe)
  5637 | D:4      | Found a one-way gate to the infinite horrors of the Abyss.
  5788 | D:5      | Entered Level 5 of the Dungeon
  6053 | D:5      | Found a shadowy altar of Dithmenos.
  6081 | D:5      | Reached XP level 8. HP: 15/67 MP: 11/18
  6341 | D:5      | Found a sand-covered staircase.
  6357 | D:5      | Learned a level 4 spell: Summon Ice Beast
  6358 | Ossuary  | Entered an ossuary
  7612 | D:6      | Noticed Menkaure
  7618 | D:6      | Killed Menkaure
  7701 | D:6      | Identified the +1 leather armour "Giej" {Harm rF+ rN++
                  | Dex-4}
  7717 | D:6      | Noticed a nameless horror
  7733 | D:6      | Noticed a nameless horror
  7899 | D:6      | Found a staircase to the Ecumenical Temple.
  7905 | Temple   | Entered the Ecumenical Temple
  7910 | Temple   | Became a worshipper of Vehumet
  7931 | Temple   | Killed a nameless horror
  8141 | D:6      | Reached XP level 9. HP: 66/74 MP: 11/21
  8319 | D:6      | Found a runed translucent door.
  8320 | D:6      | Noticed Crazy Yiuf
  8385 | D:6      | Reached skill level 1 in Summonings
  8555 | D:6      | Killed a nameless horror
  8740 | D:7      | Noticed Prince Ribbit
  8745 | D:7      | Killed Prince Ribbit
  8947 | D:7      | Found a broken altar of Ashenzari.
  9347 | D:7      | Found a glowing silver altar of Zin.
  9347 | D:7      | Found a hazy altar of Hepliaklqana.
  9378 | D:7      | Killed an unseen horror
  9392 | D:7      | Reached skill level 10 in Spellcasting
  9449 | D:7      | Reached * piety under Vehumet
  9449 | D:7      | Offered knowledge of Kiss of Death by Vehumet.
  9906 | D:7      | Found a runed translucent door.
  9906 | D:7      | Noticed Akorn's ghost (novice TrEE)
  9925 | D:8      | Learned a level 3 spell: Summon Guardian Golem
 10252 | D:8      | Found a snail-covered altar of Cheibriados.
 10441 | D:8      | Reached XP level 10. HP: 77/81 MP: 18/24
 10949 | D:9      | Found an ancient bone altar of Kikubaaqudgha.
 10980 | D:9      | Reached skill level 5 in Summonings
 11098 | D:9      | Reached skill level 10 in Ice Magic
 11140 | D:9      | Offered knowledge of Searing Ray by Vehumet.
 11141 | D:9      | Reached ** piety under Vehumet
 11667 | D:9      | Found Vexec's Vocational Training.
 11738 | D:9      | Found a staircase to the Lair.
 11754 | D:9      | Offered knowledge of Inner Flame by Vehumet.
 11981 | D:9      | Found a runed translucent gate.
 11981 | D:9      | Found a runed translucent gate.
 12057 | D:9      | Found a runed translucent gate.
 12059 | D:9      | Noticed Dittersdorf's ghost (journeyman GrFi)
 12286 | D:10     | Entered Level 10 of the Dungeon
 12340 | D:10     | Found Ushreisch's Jewellery Shop.
 12376 | D:10     | Reached XP level 11. HP: 84/88 MP: 20/27
 12511 | D:10     | Found a staircase to the Orcish Mines.
 13726 | D:11     | Noticed a cyclops
 13728 | D:11     | Noticed a manticore
 14210 | D:11     | Killed a cyclops
 14214 | D:11     | Killed a manticore
 14214 | D:11     | Reached *** piety under Vehumet
 14888 | D:11     | Noticed a manticore
 14897 | D:11     | Killed a manticore
 14910 | D:11     | Noticed a brown ugly thing
 14919 | D:11     | Killed a brown ugly thing
 15037 | D:11     | Noticed an orc warlord
 15037 | D:11     | Noticed a fire dragon
 15038 | D:11     | Noticed a deep troll earth mage
 15038 | D:11     | Found a runed translucent door.
 15040 | D:11     | Noticed a yaktaur captain
 15040 | D:11     | Noticed a fire giant
 15040 | D:11     | Noticed a hell knight
 15040 | D:11     | Noticed a deep troll
 15174 | D:11     | Noticed a boulder beetle
 15188 | D:11     | Killed a boulder beetle
 15334 | D:11     | Learned a level 5 spell: Freezing Cloud
 15688 | D:12     | Noticed a catoblepas
 15692 | D:12     | Noticed a white ugly thing
 15696 | D:12     | Killed a catoblepas
 15697 | D:12     | Reached skill level 2 in Fighting
 15712 | D:12     | Killed a white ugly thing
 15713 | D:12     | Reached skill level 3 in Fighting
 15800 | D:12     | Noticed a manticore
 15811 | D:12     | Killed a manticore
 16156 | D:12     | Noticed a two-headed ogre
 16169 | D:12     | Killed a two-headed ogre
 16170 | D:12     | Reached skill level 4 in Fighting
 16307 | D:12     | Noticed a two-headed ogre
 16313 | D:12     | Killed a two-headed ogre
 16314 | D:12     | Reached skill level 5 in Fighting
 17135 | D:12     | Identified the ring of the Dull God {Wiz +Blink}
 17402 | Lair:1   | Entered Level 1 of the Lair of Beasts
 17402 | Lair:1   | Noticed Grum
 17488 | Lair:1   | Killed Grum
 17493 | Lair:1   | Reached skill level 6 in Fighting
 17503 | Lair:1   | Reached XP level 12. HP: 107/115 MP: 19/29
 17516 | Lair:1   | Reached skill level 5 in Dodging
 17524 | Lair:1   | Noticed Joseph
 17535 | Lair:1   | Reached skill level 7 in Fighting
 17540 | Lair:1   | Killed Joseph
 17709 | Lair:1   | Offered knowledge of Sticky Flame by Vehumet.
 17710 | Lair:1   | Reached skill level 8 in Fighting
 17960 | Lair:1   | Noticed Gastronok
 17989 | Lair:1   | Killed Gastronok
 17990 | Lair:1   | Reached skill level 9 in Fighting
 18467 | Lair:1   | Learned a level 5 spell: Metabolic Englaciation
 18616 | Lair:1   | Reached skill level 10 in Fighting
 19058 | Lair:2   | Noticed a catoblepas
 19076 | Lair:2   | Killed a catoblepas
 19090 | Lair:2   | Reached **** piety under Vehumet
 19091 | Lair:2   | Reached skill level 11 in Fighting
 19425 | Lair:2   | Noticed a five-headed hydra
 19436 | Lair:2   | Killed a five-headed hydra
 19437 | Lair:2   | Reached XP level 13. HP: 137/137 MP: 28/30
 19719 | Lair:2   | Found a transporter.
 19719 | Lair:2   | Noticed mandoloar's ghost (journeyman DgCj)
 19741 | Lair:2   | Reached skill level 12 in Fighting
 19751 | Lair:2   | Offered knowledge of Airstrike by Vehumet.
 19880 | Lair:2   | Found a transporter.
 20257 | Lair:2   | Found a hole to the Spider Nest.
 20344 | Lair:3   | Learned a level 4 spell: Airstrike
 20351 | Lair:3   | Noticed Nergalle
 20358 | Lair:3   | Killed Nergalle
 20503 | Lair:3   | Reached skill level 1 in Air Magic
 20626 | Lair:3   | Found a staircase to the Swamp.
 21860 | Lair:4   | Reached skill level 13 in Fighting
 22549 | Lair:4   | Identified the +6 long sword of Destruction {heavy, +Blink
                  | Str+5 SInv}
 22964 | Lair:4   | Reached skill level 10 in Dodging
 23110 | Lair:4   | Reached ***** piety under Vehumet
 23110 | Lair:4   | Offered knowledge of Iron Shot by Vehumet.
 23315 | Lair:4   | Got the Handbook of Therianthropy
 23817 | Lair:5   | Entered Level 5 of the Lair of Beasts
 23957 | Lair:5   | Reached skill level 14 in Fighting
 24054 | Lair:5   | Reached XP level 14. HP: 156/156 MP: 29/31
 24260 | Lair:5   | Reached skill level 5 in Air Magic
 24824 | Lair:5   | Reached skill level 15 in Fighting
 25390 | Lair:5   | Noticed a rockslime
 25391 | Lair:5   | Found a viscous altar of Jiyva.
 25401 | Lair:5   | Noticed an acid blob
 25402 | Lair:5   | Noticed a rockslime
 25411 | Lair:5   | Killed an acid blob
 25952 | Lair:5   | Found a staircase to the Slime Pits.
 27391 | Orc:1    | Entered Level 1 of the Orcish Mines
 27419 | Orc:1    | Reached skill level 16 in Fighting
 27438 | Orc:1    | Offered knowledge of Lee's Rapid Deconstruction by Vehumet.
 27672 | Orc:2    | Entered Level 2 of the Orcish Mines
 27707 | Orc:2    | Found a staircase to the Elven Halls.
 27818 | Orc:2    | Found a frozen archway.
 27940 | IceCv    | Entered an ice cave
 29030 | IceCv    | Found an ancient bone altar of Kikubaaqudgha.
 31834 | IceCv    | Identified the ring "Wideolup" {rCorr Slay+4}
 32837 | Orc:2    | Reached XP level 15. HP: 164/172 MP: 32/32
 32849 | Orc:2    | Reached skill level 17 in Fighting
 32996 | Orc:1    | Found Mumif's Jewellery Boutique.
 34142 | Orc:2    | Noticed an orc warlord
 34160 | Orc:2    | Killed an orc warlord
 36849 | Orc:2    | Found Joinanel's General Store.
 36849 | Orc:2    | Found Ruxuah's Antique Armour Shoppe.
 36849 | Orc:2    | Found Dyir's Book Emporium.
 36849 | Orc:2    | Found Wutimp's Antique Weapon Shoppe.
 37158 | Orc:2    | Bought a book of Lightning for 494 gold pieces
 37164 | Orc:2    | Learned a level 5 spell: Plasma Beam
 39191 | D:13     | Offered knowledge of Iskenderun's Battlesphere by Vehumet.
 40093 | D:13     | Found a gate to the Vaults.
 40095 | D:13     | Identified the +0 kite shield of the Lost Knives {rPois}
 40249 | D:13     | Identified a scroll of acquirement
 40257 | D:13     | Identified the ring of Law {*Slow rCorr AC+4 Int+3}
 40270 | D:13     | Acquired the +2 hat of Otefiuz {rF++}
 40417 | D:14     | Noticed Louise
 40705 | Lair:5   | HP: 8/176 [rockslime (37)]
 40706 | Lair:5   | Annihilated by a rockslime

Illustrated notes

Levels and vault maps discovered:
D:1:      dpeg_arrival_arbitrary_a, layout_basic,
          hellmonk_ecumenical_altar_watching_god,
          amcnicky_mini_rare_corridor_liquid, amcnicky_mini_corridor_feature
D:2:      layout_basic
D:3:      corexii_shack_village, layout_loops_cross, overflow_temple_1_default,
          serial_glass, glass_columns_c, glass_columns_b, serial_shops,
          nicolae_square_shop, st_stairs_6, serial_bayou_ford_a, chequers_avenue
D:4:      layout_cave_pods, gammafunk_ghost_abyssal_escape, uniq_sigmund
D:5:      layout_cave_pools, nicolae_dithmenos_shadow_blocks,
          nicolae_ossuary_entry_catacombs, nicolae_fountain_basement
D:6:      layout_loops_ring, minmay_temple_entry_trees, dk_noncrumbling_4,
          corexii_item_surrounded_by_moat, uniq_crazy_yiuf_cottage,
          uniq_menkaure
D:7:      layout_cave_pods, kennysheep_mini, jmf_multi_god_temple,
          gammafunk_ghost_grave, uniq_prince_ribbit1
D:8:      layout_loops_ring, cheibrodos_worm_habitat
D:9:      layout_roguey, mainiacjoe_overflow_six_doors_small,
          david_lair_shrubbed, gammafunk_ghost_spectres, nicolae_shop_vocational
D:10:     layout_basic, orc_0_dummy, nicolae_stop_n_shop_2
D:11:     minmay_gate_of_8, layout_loops_cross
D:12:     layout_layer_cave
D:13:     lemuel_ice_statue, layout_basic, ximxim_vaults_locker_room
D:14:     layout_stronghold, hangedman_decor_growths, serial_bayou_lagoon_a,
          uniq_louise
Temple:   minmay_freezing_vapour_temple
Lair:1:   layout_gridlike, beast_lair_carwin_7, serial_bayou_shore_b,
          infiniplex_staircase_pool, uniq_gastronok, uniq_joseph, uniq_grum
Lair:2:   layout_hall_layers, spider_nest_entry_funnel_web,
          gammafunk_ghost_arena
Lair:3:   layout_roguey, swamp_mist_pool, uniq_nergalle
Lair:4:   layout_cave_pods, grunt_megastairs_5
Lair:5:   grunt_lair_end_beastmaster, layout_concentric_octagons,
          minmay_slime_entry_oklob_enclosed, special_room [special_room_jelly],
          lemuel_fruit_tree
Orc:1:    layout_caves, serial_shops, nicolae_shop_stone
Orc:2:    st_orc_congregation, layout_diamond_mine,
          portal_ice_cave_demonic_guard

Skill      XL: |  1  2  3  4  5  6  7  8  9 10 11 12 13 14 15 |
---------------+----------------------------------------------+-----
Spellcasting   | 3 4 5 6 7 8 10 12 13 14 | 14.1
Ice Magic      | 4 5 6 8 9 10 11 | 11.5
Summonings     | 4 5 |  5.0
Fighting       | 6 11 14 16 17 | 17.9
Dodging        | 4 8 10 12 13 | 13.1
Air Magic      | 4 5 |  5.4
Stealth        | |  1.4

Action                     |  1- 3 |  4- 6 |  7- 9 | 10-12 | 13-15 || total
---------------------------+-------+-------+-------+-------+-------++-------
  Melee: Unarmed           |     6 |       |   131 |     7 |       ||   144
         Punch             |       |       |     4 |       |       ||     4
         Long sword        |       |       |       |       |    27 ||    27
   Cast: Freeze            |    49 |    32 |   106 |    79 |   186 ||   452
         Frozen Ramparts   |    13 |    19 |    26 |    23 |     4 ||    85
         Summon Ice Beast  |       |       |    31 |    42 |    78 ||   151
         Summon Guardian G |       |       |     4 |    63 |   125 ||   192
         Ozocubu's Armour  |       |       |     1 |     2 |       ||     3
         Freezing Cloud    |       |       |       |     4 |     6 ||    10
         Metabolic Englaci |       |       |       |     3 |       ||     3
         Airstrike         |       |       |       |       |   440 ||   440
         Plasma Beam       |       |       |       |       |    41 ||    41
  Evoke: Wand              |       |       |     5 |       |    17 ||    22
    Use: Scroll            |       |       |    19 |     8 |    12 ||    39
         Potion            |       |       |     1 |     4 |     8 ||    13
   Stab: Distracted        |       |       |     1 |       |       ||     1
 Armour: Robe              |     8 |     7 |   152 |    13 |       ||   180
         Steam dragon scal |       |       |       |    47 |     9 ||    56
         Troll leather arm |       |       |       |       |    84 ||    84
         Ice dragon scales |       |       |       |       |    54 ||    54
  Dodge: Dodged            |    16 |    14 |   129 |    56 |   208 ||   423

Table legend: (Time is in decaauts)
 A = Elapsed time spent in this place.
 B = Non-inter-level travel time spent in this place.
 C = Inter-level travel time spent in this place.
 D = Time resting spent in this place.
 E = Time spent auto-exploring this place.
 F = Levels seen in this place.
 G = Mean time per level.
                   A        B        C        D        E       F      G
               +--------+--------+--------+--------+--------+-----+--------+
         Total |  41552 |  39434 |   2118 |  12364 |  19694 |  24 | 1731.3 |
       Dungeon |  20534 |  19132 |   1402 |   3961 |  12238 |  14 | 1466.7 |
        Temple |     28 |     28 |      0 |      0 |      0 |   1 |   28.0 |
          Lair |  10196 |   9623 |    573 |   2221 |   5703 |   5 | 2039.2 |
  Orcish Mines |   5389 |   5246 |    143 |   2540 |   1165 |   2 | 2694.5 |
       Ossuary |    623 |    623 |      0 |    308 |      0 |   1 |  623.0 |
      Ice Cave |   4779 |   4779 |      0 |   3334 |    586 |   1 | 4779.0 |
               +--------+--------+--------+--------+--------+-----+--------+

Top non-repeatable levels by time:
   IceCv: 4779 daAuts
   Orc:2: 3444 daAuts
  Lair:5: 3312 daAuts
    D:13: 3229 daAuts
     D:9: 2027 daAuts
   Orc:1: 1945 daAuts
  Lair:4: 1938 daAuts
    D:12: 1935 daAuts
  Lair:1: 1912 daAuts
     D:1: 1804 daAuts
     D:4: 1728 daAuts
  Lair:3: 1593 daAuts
    D:11: 1534 daAuts
    D:10: 1515 daAuts
  Lair:2: 1439 daAuts
